 Dungeon Crawl Stone Soup version 0.18.1-50-g88ac8fd (webtiles) character file.

91 Peloso the Shield-Bearer (level 4, -3/38 HPs)
             Began as a Demigod Fighter on Oct 16, 2016.
             Slain by Grinder (6 damage)
             ... on level 3 of the Dungeon.
             The game lasted 00:03:25 (1742 turns).

Peloso the Shield-Bearer (Demigod Fighter)          Turns: 1742, Time: 00:03:25

Health: -3/38      AC: 10    Str: 26    XL:     4   Next: 12%
Magic:  6/6        EV:  6    Int: 12    God:
Gold:   146        SH: 10    Dex: 15    Spells: 0 memorised, 3 levels left

rFire  . . .     SeeInvis .     a - +0 long sword
rCold  . . .     Gourm    .     n - +0 chain mail (curse)
rNeg   . . .     Faith    .     c - +0 shield
rPois  .         Spirit   .     (no helmet)
rElec  .         Dismiss  .     (no cloak)
rCorr  .         Reflect  .     (no gloves)
SustAt +         Harm     .     r - +0 pair of boots (curse)
MR     .....                    (no amulet)
Stlth  ..........               (no ring)
                                (no ring)

@: mighty, not resistant to hostile enchantments, extremely unstealthy
A: high mp 1, sustain attributes
a: no special abilities


You were on level 3 of the Dungeon.
You were not hungry.

You visited 1 branch of the dungeon, and saw 3 of its levels.

You collected 146 gold pieces.

Inventory:

Hand Weapons
 a - a +0 long sword (weapon)
Armour
 c - a +0 shield (worn)
 n - a cursed +0 chain mail (worn)
 r - a cursed +0 pair of boots (worn)
Wands
 m - a wand of digging (8/24)
Scrolls
 g - 2 scrolls of recharging {unknown}
 j - 2 scrolls of amnesia {unknown}
 k - 3 scrolls of remove curse {unknown}
 l - 2 scrolls of identify {unknown}
 p - a scroll of blinking {unknown}
 s - a scroll of random uselessness {unknown}
Potions
 d - a potion of might
 e - a potion of cancellation {unknown}
 h - a potion of haste {unknown}
 i - a potion of lignification {unknown}
 o - a potion of agility
 q - a potion of degeneration {unknown}
Comestibles
 b - 6 chunks of flesh
 f - 6 bread rations


   Skills:
 + Level 3.1 Fighting
 + Level 2.2 Long Blades
 + Level 3.3 Armour
 + Level 0.1 Dodging
 + Level 0.2 Stealth
 + Level 3.4 Shields


You had 3 spell levels left.
You didn't know any spells.

Dungeon Overview and Level Annotations

Branches:
Dungeon (3/15)

Annotations:
D:3 Grinder; flt's ghost, amateur DrCj


Innate Abilities, Weirdness & Mutations

You have an increased reservoir of magic (+10% MP).
Your attributes are resistant to harm.


Message History

Grinder blinks!
You block the hobgoblin's attack.
Grinder drinks a potion.
Grinder is healed!
Unknown command.
Drink which item? (? for menu, Esc to quit)
You feel very mighty all of a sudden. The hobgoblin barely misses you.
You slash the hobgoblin!
You kill the hobgoblin!
You closely miss Grinder.
Grinder is moderately wounded.
You block Grinder's attack.
You hit Grinder.
Grinder is heavily wounded.
Grinder hits you but does no damage. x2
You hit Grinder.
Grinder is heavily wounded.
Grinder hits you.
* * * LOW HITPOINT WARNING * * *
You writhe in agony.
You die...

#.......#
##.
#.......# #.
#..>......
...
#.#######. .
#..
#.......# ..
#..
#.......#..#
...
+...?....(..
...
#...5.......
#..)@...#...
#.......# (.
#.......#
#.......#
.........#
...###..###
.... #...
... ...#


You could see Grinder.

Vanquished Creatures
  Ijyb (D:3)
  A gnoll (D:1)
  An adder (D:2)
  An ooze (D:2)
  3 dart slugs
  A ball python (D:3)
  4 bats
  A giant cockroach (D:2)
  5 goblins
  6 hobgoblins
  4 kobolds
  A quokka (D:3)
  4 giant newts
  7 rats
40 creatures vanquished.

Notes
Turn   | Place    | Note
--------------------------------------------------------------
     0 | D:1      | Peloso the Demigod Fighter began the quest for the Orb.
     0 | D:1      | Reached XP level 1. HP: 18/18 MP: 3/3
    15 | D:1      | Reached XP level 2. HP: 25/25 MP: 4/4
   518 | D:2      | Reached XP level 3. HP: 26/31 MP: 5/5
   758 | D:2      | Found a snail-covered altar of Cheibriados.
  1190 | D:2      | Found a burning altar of Makhleb.
  1190 | D:2      | Noticed an Executioner
  1332 | D:3      | Noticed flt's ghost (amateur DrCj)
  1567 | D:3      | Noticed Ijyb
  1576 | D:3      | Killed Ijyb
  1576 | D:3      | Reached XP level 4. HP: 34/38 MP: 6/6
  1727 | D:3      | Noticed Grinder
  1742 | D:3      | Slain by Grinder

Skill      XL: |  1  2 |
---------------+-------+-----
Shields        | 3 |  3.4
Long Blades    | 2 |  2.2
Fighting       | 3 |  3.1
Armour         | 3 |  3.3
Dodging        | |  0.1
Stealth        | |  0.2

Action                   |  1- 3 |  4- 6 || total
-------------------------+-------+-------++-------
Melee: Long sword        |   125 |    20 ||   145
  Use: Potion            |       |     1 ||     1
  Eat: Chunk             |     2 |     1 ||     3
Armor: Scale mail        |    60 |       ||    60
       Chain mail        |    12 |     9 ||    21
Dodge: Dodged            |    38 |     6 ||    44
Block: Shield            |   101 |    10 ||   111
